 Dungeon Crawl Stone Soup version 0.26-a0-757-g626ac9e51a (webtiles) character file.

Game seed: 14869334400990174353

28 miscthings the Sneak (level 3, 0/33 HPs)
             Began as a Palentonga Delver on Nov 8, 2020.
             Was an Initiate of Trog.
             Slain by an orc
             ... wielding a +0 hand axe
              (8 damage)
             ... on level 4 of the Dungeon.
             The game lasted 00:00:54 (340 turns).

miscthings the Sneak (Palentonga Delver)             Turns: 340, Time: 00:00:54

Health: 0/33       AC:  4    Str: 16    XL:     3   Next: 0%
Magic:  3/3        EV:  9    Int: 10    God:    Trog [......]
Gold:   36         SH:  0    Dex: 11    Spells: 2/2 levels left

rFire    . . .     SeeInvis +   a - +0 hand axe
rCold    . . .     Faith    .   (no shield)
rNeg     . . .     Spirit   .   b - +0 leather armour
rPois    .         Reflect  .   (no helmet)
rElec    .         Harm     .   (no cloak)
rCorr    .         Rampage  .   (no gloves)
MR       .....                  (no barding)
Stlth    ++........             (no amulet)
HPRegen  0.11/turn              (no ring)
MPRegen  0.08/turn              (no ring)

@: lethally poisoned (0 -> -6)
A: large, rugged brown scales 3, see invisible, deformed body, roll, armoured
tail
a: Rolling Charge, Renounce Religion


You were on level 4 of the Dungeon.
You worshipped Trog.
Trog was noncommittal.
You visited 1 branch of the dungeon, and saw 3 of its levels.

You collected 36 gold pieces.

Inventory:

Hand Weapons
 a - a +0 hand axe (weapon)
Armour
 b - a +0 leather armour (worn)
Wands
 g - a wand of digging (3)
Scrolls
 c - a scroll of fog
 d - a scroll of magic mapping
 e - a scroll of fear
 h - a scroll of immolation {unknown}
 i - a scroll of teleportation {unknown}
Potions
 f - a potion of haste


   Skills:
 - Level 3.0 Fighting
 + Level 3.2 Axes
 - Level 1.5 Dodging
 - Level 3.5 Stealth


You had 2 spell levels left.
You didn't know any spells.
Your spell library was empty.

Dungeon Overview and Level Annotations

Branches:
Dungeon (5/15)
 Temple: D:4-7

Altars:
Trog


Innate Abilities, Weirdness & Mutations

You are completely covered in rugged brown scales. (AC +3, +7% HP)
You have supernaturally acute eyesight. (SInv)
Armour fits poorly on your strangely shaped body.
You can roll at foes to attack.
You have a long armoured tail.


Message History

Your experience leads to an increase in your attributes!
Increase (S)trength, (I)ntelligence, or (D)exterity?
You feel stronger.
You feel sick.
You feel sick.
You hit the orc but do no damage.
You feel sick. The orc hits you with a +0 hand axe.
You hit the orc.
The orc is lightly wounded.
The orc barely misses you.
You closely miss the orc.
Your tail-slap misses the orc.
The orc is lightly wounded.
You feel sick. The orc hits you with a +0 hand axe.
You hit the orc.
The orc is moderately wounded.
You feel sick. The orc barely misses you. x2
You barely miss the orc.
The orc is lightly wounded.
You feel sick. The orc hits you with a +0 hand axe!
You die...

#..............
#..........#.#
#...>........#
#..........#
#....<.....#
#..........#
#..........#
#########.##
#..@# #..o..#
#.....# #....##
#....# #....#
#...#. #.....


You could see an orc.

Vanquished Creatures
  A worker ant (D:4)
  A leopard gecko (D:5)
  An orc (D:5)
  A frilled lizard (D:4)
4 creatures vanquished.

Notes
Turn   | Place    | Note
-------+----------+-------------------------------------------
     0 | D:5      | miscthings the Palentonga Delver began the quest for the
                  | Orb.
     0 | D:5      | Reached XP level 1. HP: 20/20 MP: 1/1
    72 | D:4      | Noticed an orc wizard
   308 | D:3      | Found a bloodstained altar of Trog.
   316 | D:3      | Became a worshipper of Trog the Wrathful
   329 | D:4      | Noticed a worker ant
   334 | D:4      | Killed a worker ant
   334 | D:4      | Reached XP level 2. HP: 17/27 MP: 2/2
   334 | D:4      | Reached XP level 3. HP: 21/33 MP: 3/3
   340 | D:4      | Slain by an orc

Illustrated notes

Levels and vault maps discovered:
D:3:      lemuel_upstairs_altar, layout_basic, uniq_sigmund, uniq_jessica,
          uniq_robin
D:4:      layout_rooms, kb_xom_exploding_sheep, trog_wizard, uniq_ijyb
D:5:      layout_layer_cave, lemuel_crystal_altar, temple_pool_b, basic_altar

Skill      XL: |  1 |
---------------+----+-----
Axes           | 3 |  3.2
Fighting       | |  3.0
Dodging        | |  1.5
Stealth        | |  3.5

Action                   || total
-------------------------++-------
Melee: Hand axe          ||    13
       Tailslap          ||     2
Armor: Leather armour    ||     2
Dodge: Dodged            ||     6

Table legend: (Time is in decaauts)
 A = Elapsed time spent in this place.
 B = Non-inter-level travel time spent in this place.
 C = Inter-level travel time spent in this place.
 D = Time resting spent in this place.
 E = Time spent auto-exploring this place.
 F = Levels seen in this place.
 G = Mean time per level.
                   A        B        C        D        E       F      G
               +--------+--------+--------+--------+--------+-----+--------+
         Total |    343 |    323 |     20 |    162 |     86 |   3 |  114.3 |
       Dungeon |    343 |    323 |     20 |    162 |     86 |   3 |  114.3 |
               +--------+--------+--------+--------+--------+-----+--------+

Top non-repeatable levels by time:
     D:5: 296 daAuts
     D:4: 24 daAuts
     D:3: 22 daAuts
